 Dungeon Crawl Stone Soup version 0.30.1-11-g7821555f0a (webtiles) character file.

Game seed: 2801767134979765114

242 jagang the Trooper (level 6, 0/51 HPs)
             Began as a Barachi Monk on Nov 15, 2023.
             Succumbed to a scorpion's poison
             ... on level 4 of the Dungeon.
             The game lasted 00:05:34 (2493 turns).

jagang the Trooper (Barachi Monk)                   Turns: 2493, Time: 00:05:35

Health: 0/51       AC: 12    Str: 12    XL:     6   Next: 9%
Magic:  6/6        EV:  4    Int: 11    God:
Gold:   178        SH:  0    Dex: 19    Spells: 5/5 levels left

rFire   . . .        g - +9 whip of the Volcano {speed, Dex+3}
rCold   . . .        d - orb {light}
rNeg    . . .        c - +0 plate armour
rPois   .            v - +0 helmet
rElec   .            p - scarf {+Inv}
rCorr   .            (no gloves)
SInv    .            (no boots)
Will    .....        f - amulet of faith Stlth
                     (no ring)
HPRegen 0.28/turn    (no ring)
MPRegen 0.10/turn

%: faith
@: lethally poisoned (0 -> -7), glowing, slow
A: amphibious, slowness 1, strong legs 1, +LOS
a: Hop, Evoke Invisibility


You were on level 4 of the Dungeon.
You visited 1 branch of the dungeon, and saw 5 of its levels.

You collected 178 gold pieces.

Inventory:

Hand Weapons
 a - a +0 falchion
 g - the +9 whip of the Volcano (weapon) {speed, Dex+3}
   (You took it off a goblin on level 3 of the Dungeon)

   Dex:       It affects your dexterity (+3).
Missiles
 q - 9 poisoned darts (quivered)
Armour
 c - a +0 plate armour (worn)
 d - an orb of light (worn)
 p - a scarf of invisibility (worn)
 v - a +0 helmet (worn)
Jewellery
 f - an amulet of faith (around neck)
Wands
 l - a wand of flame (15)
Scrolls
 b - 3 scrolls of identify {unknown}
 h - a scroll of amnesia {unknown}
 i - 2 scrolls of enchant armour {unknown}
 k - a scroll of noise {unknown}
 m - a scroll of poison {unknown}
 n - a scroll of vulnerability {unknown}
 o - 2 scrolls of fog {unknown}
 t - a scroll of butterflies {unknown}
 w - a scroll of enchant weapon {unknown}
 x - a scroll of magic mapping {unknown}
 y - a scroll of teleportation {unknown}
Potions
 e - a potion of lignification {unknown}
 j - 2 potions of curing {unknown}
 r - a potion of berserk rage {unknown}
 s - a potion of haste {unknown}
 u - 2 potions of magic {unknown}
 z - a potion of heal wounds {unknown}


   Skills:
 + Level 5.1 Fighting
 + Level 5.0 Long Blades
 + Level 3.1 Armour
 + Level 4.5 Dodging


You had 5 spell levels left.
You didn't know any spells.
Your spell library was empty.

Dungeon Overview and Level Annotations

Branches:
Dungeon (5/15)
 Temple: D:4-7

Altars:
Dithmenos
Kikubaaqudgha
Zin


Innate Abilities, Weirdness & Mutations

You are amphibious.
You cover ground slowly.
You can hop short distances.
You have an extended range of vision and can be seen from far away.


Message History

You are poisoned.
The scorpion poisons you!
You hit the scorpion but do no damage.
The scorpion is lightly wounded.
You feel very sick. The scorpion stings you.
You are more poisoned.
The scorpion poisons you!
You hit the scorpion.
The scorpion is moderately wounded.
You feel very sick.
You hit the scorpion.
The scorpion is heavily wounded.
You feel very sick.
The scorpion stings you but does no damage.
You hit the scorpion.
The scorpion is severely wounded.
You feel very sick. The scorpion stings you.
You are lethally poisoned!
The scorpion poisons you!
You hit the scorpion but do no damage.
The scorpion is severely wounded.
You feel very sick.
The scorpion stings you but does no damage.
You hit the scorpion.
You kill the scorpion!
* * * LOW HITPOINT WARNING * * *
You feel very sick.
Your Fighting skill increases to level 5!
Your Long Blades skill increases to level 5!
Your Armour skill increases to level 3!
You have reached level 6!
* * * LOW HITPOINT WARNING * * *
You feel very sick.
* * * LOW HITPOINT WARNING * * *
You feel very sick.
* * * LOW HITPOINT WARNING * * *
You feel very sick.
You die...

..# .#. #.######..
#.......# #.......#
#.......# #......
#...##+##
+###+###...'...#
#.....'....#.@.#
#.....#....#...# ..
#.....#....#...#
...####'##....#+###
..............#
..........#####
..........#
###.......#
..#######.####


There were no monsters in sight!

Vanquished Creatures
  A scorpion (D:4)
  A hound (D:5)
  Terence (D:3)
  An iguana (D:3)
  Robin (D:3)
  4 adders
  2 worms (D:3)
  A dart slug (D:2)
  4 endoplasms
  2 giant cockroaches
  10 goblins
  9 hobgoblins
  5 ball pythons
  4 bats
  2 frilled lizards
  4 kobolds (D:3)
  2 rats
54 creatures vanquished.

Notes
Turn   | Place    | Note
-------+----------+-------------------------------------------
     0 | D:1      | jagang the Barachi Monk began the quest for the Orb.
     0 | D:1      | Reached XP level 1. HP: 18/18 MP: 1/1
   172 | D:1      | Reached XP level 2. HP: 25/25 MP: 2/2
   725 | D:2      | HP: 1/25 [adder (3)]
   732 | D:2      | Reached skill level 1 in Armour
   776 | D:2      | Reached XP level 3. HP: 22/30 MP: 3/3
   854 | D:2      | Found an ancient bone altar of Kikubaaqudgha.
   874 | D:2      | Found a faded altar of an unknown god.
  1558 | D:3      | Reached XP level 4. HP: 37/37 MP: 4/4
  1900 | D:3      | Noticed Robin
  1916 | D:3      | Killed Robin
  2018 | D:3      | Noticed Terence
  2023 | D:3      | Identified the +9 whip of the Volcano {speed, Dex+3}
  2041 | D:3      | Killed Terence
  2042 | D:3      | Reached XP level 5. HP: 26/43 MP: 5/5
  2233 | D:3      | Found a glowing silver altar of Zin.
  2415 | D:4      | Found a shadowy altar of Dithmenos.
  2415 | D:4      | You fall into a shaft and drop 1 floor!
  2415 | D:5      | Entered Level 5 of the Dungeon
  2490 | D:4      | Reached skill level 5 in Fighting
  2490 | D:4      | Reached skill level 5 in Long Blades
  2490 | D:4      | Reached XP level 6. HP: 11/51 MP: 6/6
  2492 | D:4      | HP: 2/51 [poisoned by a scorpion]
  2493 | D:4      | Succumbed to a scorpion's poison

Illustrated notes

Levels and vault maps discovered:
D:1:      co_arrival_square_in_a_square_in_a_square, layout_basic,
          serial_bayou_pond_d
D:2:      layout_basic, serial_aquarium, aquarium_bridge_long_separate
          [aquarium_subvault_wall, aquarium_subvault_wall,
          aquarium_subvault_bridge, aquarium_subvault_window,
          aquarium_subvault_bridge, aquarium_subvault_bridge],
          aquarium_bridge_square [aquarium_subvault_window,
          aquarium_subvault_bridge, aquarium_subvault_balcony,
          aquarium_subvault_window], aquarium_window_2, aquarium_window_corner,
          aquarium_window_corner, aquarium_window_fake, aquarium_view_2b,
          aquarium_view_2b, ebering_ecumenical_altar_hall, basic_altar
D:3:      layout_loops_ring, mainiacjoe_overflow_alcove_1, uniq_robin,
          uniq_terence
D:4:      layout_gridville, nicolae_dithmenos_shadow_blocks,
          mainiacjoe_overflow_six_doors_small, general_overflow_altar,
          kennysheep_little_box, gup_sewer_entry_glass
D:5:      layout_loops_ring, led_sif_book, nicolae_ru_the_path_less_chosen,
          ebering_ghost_disaster_area, serial_shops, nicolae_shop_stone,
          chequers_serial_rivers_large_a, minmay_lizard_king

Skill      XL: |  1  2  3  4  5 |
---------------+----------------+-----
Fighting       | 4 5 |  5.1
Long Blades    | 4 5 |  5.0
Armour         | 1 2 3 |  3.1
Dodging        | 4 |  4.5

Action                     |  1- 3 |  4- 6 || total
---------------------------+-------+-------++-------
  Melee: Falchion          |    75 |    76 ||   151
         Whip              |       |    24 ||    24
  Throw: Dart              |       |     4 ||     4
Ability: Hop               |       |     1 ||     1
    Use: Potion            |     1 |       ||     1
 Armour: Chain mail        |    60 |    24 ||    84
         Plate armour      |       |    26 ||    26
  Dodge: Dodged            |    30 |    19 ||    49
